Match 27850754
Unlisted

Match 27850754
End
Vickers Machine Gun Team
Construct Section Command Post
Dingo Light Scout Car
Infantry Section
Selects Australian Defense Battlegroup
Selects Australian Light Infantry Section
Australian Light Infantry Section
Construct Platoon Command Post
Selects Defensive Tactics
6-pounder Anti-tank Gun Team
HulkSMASH
Ruby
Trivolka
Leiarde
0
0

Comments sign in to comment!

No comments posted yet!